AoeStats
← Long John Silver

Black Forest

507127533Analyzed
3v3 RM · 15d ago on Sep 16, 2026· 54m 3s· 6 players
Game mode
Random Map
Map size
Normal (6 player)
Population
200
Speed
Normal
Resources
Standard
Victory
Conquest
Starting age
Dark Age
Ending age
Imperial Age
RankedLock teamsTeams togetherTeam positionsShared explorationLock speedFull tech treeHidden civsTurbo modeCheats
Victory
Defeat
🇩🇪 Saracens · Germany
1451
+16
🇩🇪 Muisca · Germany
1438
+17
🇩🇪 Burgundians · Germany
1408
+18
🇫🇮 Teutons · Finland
1506
-19
🇫🇮 Cumans · Finland
1497
-19
🇫🇮 Mongols · Finland
1364
-13
Kesebrot
1:28 Loom
12:17 Feudal Age
17:11 Castle Age
16:00 Double-Bit Axe
16:25 Gold Mining
25:50 Sanctity
Kellerrusse45
9:31 Double-Bit Axe
13:00 Feudal Age
11:16 Loom
13:43 Fishing Lines
17:31 Castle Age
17:30 Bow Saw
20:34 Scale Barding Armor
22:33 Cavalier
25:13 Chain Barding Armor
26:36 Wheelbarrow
27:03 Gillnets
30:24 Hand Cart
31:04 Husbandry
33:55 Imperial Age
31:32 Stone Mining
31:51 Gold Mining
33:04 Two-Man Saw
33:11 Horse Collar
34:17 Forging
34:56 Gold Shaft Mining
35:55 Plate Barding Armor
34:52 Paladin
37:17 Conscription
36:55 Onager
38:59 Iron Casting
43:00 Blast Furnace
43:52 Hoardings
43:25 Burgundian Vineyards
45:27 Padded Archer Armor
45:22 Capped Ram
47:02 Burgundian Vineyards
47:40 Hoardings
48:16 Chemistry
48:42 Heavy Plow
49:29 Masonry
49:00 Treadmill Crane
51:48 Caravan
Long John Silver
9:20 Feudal Age
11:27 Double-Bit Axe
14:40 Fletching
21:32 Castle Age
19:28 Horse Collar
20:26 Gold Mining
21:35 Crossbowman
22:10 Bodkin Arrow
22:39 Bow Saw
22:41 Heavy Plow
24:06 Thumb Ring
25:16 Padded Archer Armor
26:14 Ballistics
27:17 Wheelbarrow
28:50 Hand Cart
28:20 Loom
28:21 Town Watch
29:13 Gold Shaft Mining
28:55 Leather Archer Armor
37:05 Imperial Age
36:49 Scale Barding Armor
36:54 Forging
37:08 Arbalester
37:48 Bracer
38:51 Chemistry
39:23 Chain Barding Armor
40:56 Two-Man Saw
40:07 Bloodlines
39:58 Husbandry
40:37 Conscription
40:08 Elite Mameluke
41:53 Plate Barding Armor
42:53 Counterweights
43:31 Siege Engineers
44:37 Iron Casting
43:58 Stone Mining
45:22 Ring Archer Armor
44:35 Treadmill Crane
45:06 Masonry
47:25 Blast Furnace
49:57 Hoardings
52:04 Onager
tiksa
9:41 Feudal Age
10:28 Double-Bit Axe
10:26 Horse Collar
20:19 Castle Age
18:59 Bloodlines
19:13 Scale Barding Armor
19:02 Gold Mining
20:17 Wheelbarrow
20:12 Forging
21:31 Chain Barding Armor
26:18 Iron Casting
35:19 Hand Cart
34:49 Town Watch
34:50 Loom
38:50 Imperial Age
39:20 Cavalier
40:37 Plate Barding Armor
41:03 Blast Furnace
41:04 Gold Shaft Mining
40:25 Stone Mining
41:48 Ballistics
41:20 Fletching
41:01 Paladin
46:37 Bodkin Arrow
48:20 Padded Archer Armor
48:33 Light Cavalry
48:36 Crossbowman
49:22 Thumb Ring
51:36 Leather Archer Armor
juu
0:32 Loom
11:37 Feudal Age
16:19 Fletching
17:26 Padded Archer Armor
19:00 Double-Bit Axe
25:23 Castle Age
25:51 Elite Skirmisher
38:02 Bow Saw
54:26 Bodkin Arrow
Genitaali
0:45 Loom
10:12 Feudal Age
11:09 Double-Bit Axe
12:13 Fletching
21:19 Horse Collar
24:56 Castle Age
22:52 Stone Mining
22:54 Gold Mining
25:51 Wheelbarrow
25:01 Town Watch
25:38 Bodkin Arrow
26:04 Bow Saw
26:10 Heavy Plow
25:56 Town Watch
26:40 Guard Tower
30:40 Hand Cart
31:13 Fortified Wall
32:57 Town Patrol
33:37 Ballistics
37:45 Imperial Age
40:07 Stone Shaft Mining
39:50 Siege Engineers
40:45 Chemistry
39:52 Siege Engineers
40:40 Conscription
41:48 Two-Man Saw
42:58 Scale Mail Armor
43:08 Forging
43:02 Scale Mail Armor
43:46 Squires
44:20 Masonry
45:19 Pikeman
46:16 Chain Mail Armor
46:36 Iron Casting
47:45 Halberdier
52:59 Gambesons
53:46 Plate Mail Armor
53:51 Iron Casting
53:58 Iron Casting
54:18 Coinage
Connection lost

Rejoining the realm…

Still unreachable

The connection could not be restored.

Session expired

The server has moved on; the page needs a fresh start.